 Seeded DCSS version 0.31-a0-145-g046c7d2549 (webtiles) character file.

Game seed: 13756538122855080540 (custom seed)

2843 Pimp the Gusty (level 9, -2/68 HPs)
             Began as a Green Draconian Air Elementalist on June 6, 2023.
             Was a Follower of Cheibriados.
             Slain by a hornet (13 damage)
             ... on level 7 of the Dungeon.
             The game lasted 00:19:39 (7817 turns).

Pimp the Gusty (Green Draconian Air Elementalist)   Turns: 7817, Time: 00:19:40

Health: -2/68      AC:  9    Str: 17    XL:     9   Next: 46%
Magic:  2/17       EV: 14    Int: 27    God:    Cheibriados [*.....]
Gold:   1485       SH:  0    Dex: 16    Spells: 12/19 levels left

rFire   + . .        b - staff of fire "Viranops" {rF+ Str+3 Int+6}
rCold   . . .        (no shield)
rNeg    . . .        (body armour unavailable)
rPois   +            (helmet restricted)
rElec   .            e - +0 cloak
rCorr   .            i - +0 pair of gloves
SInv    .            (no boots)
Will    .....        g - amulet of magic regeneration
Stlth   ++           (no ring)
HPRegen 0.31/turn    (no ring)
MPRegen 0.55/turn

%: no passive effects
@: lethally poisoned (-2 -> -11), very slow
A: breathe noxious fumes, AC +7, unfitting armour, poison resistance,
cold-blooded
a: Breathe Noxious Fumes, Renounce Religion, Bend Time


You were on level 7 of the Dungeon.
You worshipped Cheibriados.
Cheibriados was aware of your devotion.
You visited 2 branches of the dungeon, and saw 8 of its levels.
You also visited: Sewer.

You collected 1485 gold pieces.

Inventory:

Armour
 e - a +0 cloak (worn)
 i - a +0 pair of gloves (worn)
Magical Staves
 b - the staff of fire "Viranops" (weapon) {rF+ Str+3 Int+6}
   (You acquired it on level 1 of the Dungeon)

   [staff of fire]

   Base accuracy: +5 Base damage: 5 Base attack delay: 1.2 This weapon's minimum
   attack delay (0.6) is reached at skill level 12.
   Str:       It affects your strength (+3).
   Int:       It affects your intelligence (+6).
   rF:        It protects you from fire.
   It falls into the 'Staves' category.
   It is a one-handed weapon.
Jewellery
 g - an amulet of magic regeneration (around neck)
 v - an amulet of regeneration
 w - an amulet of faith
Wands
 r - a wand of flame (14)
 t - a wand of light (8)
 z - a wand of polymorph (13)
Scrolls
 h - 2 scrolls of vulnerability {unknown}
 j - 2 scrolls of teleportation {unknown}
 k - 2 scrolls of fear {unknown}
 n - 6 scrolls of identify {unknown}
 o - 2 scrolls of enchant armour {unknown}
 q - a scroll of summoning {unknown}
 s - 2 scrolls of enchant weapon {unknown}
 x - a scroll of fog {unknown}
 y - a scroll of magic mapping {unknown}
Potions
 a - 4 potions of magic
 c - 3 potions of enlightenment
 f - a potion of haste
 l - 2 potions of resistance {unknown}
 m - a potion of cancellation {unknown}
 p - a potion of mutation {unknown}
 u - a potion of heal wounds {unknown}


   Skills:
 + Level 2.6 Fighting
 + Level 5.5 Dodging
 - Level 2.0 Stealth
 + Level 5.5 Spellcasting
 + Level 5.7 Conjurations
 + Level 5.4 Fire Magic
 + Level 6.4 Air Magic


You had 12 spell levels left.
You knew the following spells:

 Your Spells              Type           Power      Damage    Failure   Level
a - Shock                 Conj/Air       100%       1d9       1%          1
b - Static Discharge      Conj/Air       80%        2-6/arc   1%          2
c - Airstrike             Air            21%        2d(3-19)  4%          4

Your spell library contained the following spells:

 Spells                   Type           Power      Damage    Failure   Level
 Swiftness                Air            42%        N/A       1%          3
 Momentum Strike          Conj/Tloc      46%        3d9       3%          2
 Vhi's Electric Charge    Tloc/Air       48%        N/A       5%          3
 Stone Arrow              Conj/Erth      46%        3d9       6%          3
 Sandblast                Erth           14%        2d6       7%          1
 Blink                    Tloc           14%        N/A       11%         2
 Lesser Beckoning         Tloc           14%        N/A       11%         2
 Passwall                 Tmut/Erth      5%         N/A       11%         2
 Arcjolt                  Conj/Air       20%        1d30      16%         5
 Portal Projectile        Hex/Tloc       14%        N/A       21%         3
 Tukima's Dance           Hex            7%         N/A       21%         3
 Plasma Beam              Fire/Air       28%        2x1d40    67%         6
 Blade Hands              Tmut           3%         N/A       88%         5


Dungeon Overview and Level Annotations

Branches:
Dungeon (7/15)             Temple (1/1) D:6           Sewer (visited)

Altars:
Ashenzari
Cheibriados
Dithmenos
Elyvilon
Fedhas
Gozag
Hepliaklqana
Makhleb
Nemelex Xobeh
Okawaru
Qazlal
Ru
Sif Muna
Trog
Uskayaw
Vehumet
Wu Jian
Xom
Yredelemnul
Zin
The Shining One


Innate Abilities, Weirdness & Mutations

You can breathe blasts of noxious fumes.
Your lurid green scales are hard. (AC +7)
You cannot fit into any form of body armour.
Your system is resistant to poisons. (rPois)
You are cold-blooded and may be slowed by cold attacks.


Message History

The hornet is lightly wounded.
The jelly is struck by an arc of lightning.
The jelly is almost dead.
The hornet is struck by an arc of lightning.
The hornet is moderately wounded.
The jelly is struck by an arc of lightning.
You kill the jelly!
Cheibriados appreciates the change of pace.
The lightning grounds out.
You feel sick. The wight barely misses you. The hornet stings you!
You feel yourself slow down.
Casting: Static Discharge (safe; 1% risk of failure)
Confirm with . or Enter, or press ? or * to list all spells.
You don't have enough magic to cast this spell.
Unknown command.
You feel sick. The hornet misses you. The hornet barely misses you.
The wight misses you.
Your magical contamination has completely faded away.
You feel yourself speed up.
You feel sick. The hornet stings you!
You feel yourself slow down. The hornet stings you!
* * * LOW HITPOINT WARNING * * *
The hornet closely misses you.
Unknown command.
Casting: Static Discharge (safe; 1% risk of failure)
Confirm with . or Enter, or press ? or * to list all spells.
The hornet is struck by an arc of lightning.
The hornet is moderately wounded.
You are struck by an arc of lightning.
* * * LOW HITPOINT WARNING * * *
The hornet is struck by an arc of lightning.
The hornet is heavily wounded.
The lightning grounds out.
You feel sick. The hornet misses you. The hornet closely misses you.
You feel better.
You feel yourself speed up. The hornet stings you!
* * * LOW HITPOINT WARNING * * *
You are poisoned.
The hornet stings you!
You die...

#.# ... ####.###
.# #......######
#............ ..
#......######
##...
##...........
.....
#<...#########...#
#..[.## #....#
####.@### ##.....#
##.yz###...#
###..#....#
##...††.#
#...#.....#
#....#.###$#
#.....#.. #
#...#.....#
#...#.###.#


You could see a hornet and a wight.

Vanquished Creatures
  Pikel (D:7)
  An ugly thing (D:7)
  Prince Ribbit (D:5)
  Sigmund (D:3)
  Pargi (Sewer)
  An ogre (D:5)
  An ice beast (D:5)
  2 black bears
  Blork the orc (D:6)
  A bullfrog (D:4)
  2 scorpions (D:5)
  2 hounds
  A quasit (D:6)
  2 jellies
  4 orc priests
  5 iguanas
  Ijyb (D:3)
  7 orc wizards
  3 gnolls (D:4)
  10 adders
  A river rat (D:3)
  4 shadow imps (D:6)
  6 white imps
  6 ufetubi (D:6)
  3 dart slugs
  19 orcs
  5 bats
  5 endoplasms
  6 giant cockroaches
  10 goblins
  6 hobgoblins
  4 jackals (D:2)
  2 quokkas (D:5)
  9 ball pythons
  9 frilled lizards
  6 kobolds
  8 rats
157 creatures vanquished.

Notes
Turn   | Place    | Note
-------+----------+-------------------------------------------
     0 | D:1      | Pimp the Draconian Air Elementalist began the quest for the
                  | Orb.
     0 | D:1      | Reached XP level 1. HP: 14/14 MP: 3/3
   285 | D:1      | Reached XP level 2. HP: 20/20 MP: 1/5
   506 | D:1      | Identified a scroll of acquirement
   506 | D:1      | Acquired the staff of fire "Viranops" {rF+ Str+3 Int+6}
  1379 | D:2      | Reached XP level 3. HP: 26/26 MP: 1/6
  1471 | D:2      | Learned a level 2 spell: Static Discharge
  1610 | D:2      | Found a faded altar of an unknown god.
  1622 | D:2      | Reached skill level 1 in Fire Magic
  1679 | D:2      | Found a burning altar of Makhleb.
  1699 | D:2      | Reached XP level 4. HP: 33/33 MP: 5/7
  2011 | D:3      | Noticed Sigmund
  2076 | D:3      | Found a glowing drain.
  2094 | Sewer    | Entered a sewer
  2264 | Sewer    | Noticed Pargi
  2278 | Sewer    | Killed Pargi
  2279 | Sewer    | Reached XP level 5. HP: 10/38 MP: 0/9
  2556 | D:3      | Learned a level 4 spell: Airstrike
  2569 | D:3      | Killed Sigmund
  2570 | D:3      | Reached skill level 4 in Air Magic
  2570 | D:3      | Reached XP level 6. HP: 45/45 MP: 2/10
  3122 | D:3      | Found a shimmering altar of Xom.
  3173 | D:3      | Noticed Ijyb
  3184 | D:3      | Killed Ijyb
  3656 | D:4      | Found a blossoming altar of Fedhas.
  3681 | D:3      | Your scales start taking on a lurid green colour.
  3681 | D:3      | Reached XP level 7. HP: 40/50 MP: 0/12
  3681 | D:3      | Gained mutation: Your system is resistant to poisons.
                  | (rPois) [Green Draconian growth]
  3687 | D:3      | Acquired 1143 gold pieces
  4459 | D:4      | Found an ornate altar of the Wu Jian Council.
  5121 | D:5      | Entered Level 5 of the Dungeon
  5291 | D:5      | Reached skill level 5 in Air Magic
  5420 | D:5      | Reached XP level 8. HP: 57/57 MP: 11/14
  5439 | D:5      | Noticed Prince Ribbit
  5462 | D:5      | Killed Prince Ribbit
  6837 | D:6      | Found a staircase to the Ecumenical Temple.
  6846 | Temple   | Entered the Ecumenical Temple
  6944 | Temple   | Became a worshipper of Cheibriados the Contemplative
  7302 | D:6      | Noticed Blork the orc
  7313 | D:6      | Killed Blork the orc
  7313 | D:6      | Reached * piety under Cheibriados
  7314 | D:6      | Reached skill level 5 in Spellcasting
  7314 | D:6      | Reached skill level 5 in Conjurations
  7367 | D:6      | Reached skill level 5 in Dodging
  7725 | D:7      | Noticed Pikel
  7728 | D:7      | Killed Pikel
  7729 | D:7      | Reached skill level 1 in Fighting
  7729 | D:7      | Reached skill level 5 in Fire Magic
  7729 | D:7      | Reached skill level 6 in Air Magic
  7729 | D:7      | Reached XP level 9. HP: 67/67 MP: 4/17
  7795 | D:7      | Noticed a white ugly thing
  7799 | D:7      | Killed a white ugly thing
  7817 | D:7      | Slain by a hornet

Illustrated notes

Levels and vault maps discovered:
D:1:      scummos_arrival_star, layout_basic
D:2:      layout_basic, basic_altar, basic_ecumenical_altar, grunt_decor_cap
D:3:      layout_basic, mainiacjoe_overflow_alcove_1, portal_sewer_entry_b,
          minmay_close_crescents, uniq_ijyb, uniq_sigmund
D:4:      layout_loops_corners, mainiacjoe_overflow_paths,
          nicolae_wu_jian_glorious_leap, kennysheep_flooded_box,
          guppyfry_early_lair_pool
D:5:      layout_layer_cave, nicolae_eternal_life, uniq_prince_ribbit1
D:6:      layout_cave_pools, minmay_temple_entry_water_ring, serial_demonic,
          serial_demonic_e, serial_demonic_g, serial_demonic_g,
          serial_demonic_d, serial_demonic_d, serial_demonic_f,
          serial_demonic_a, serial_demonic_a, minmay_lizard_king,
          uniq_blork_the_orc
D:7:      hangedman_cross_stitches, layout_rooms, demons_altar, minivault_27,
          uniq_joseph, uniq_pikel
Temple:   minmay_temple_bridge_d

Skill      XL: |  1  2  3  4  5  6  7  8  9 |
---------------+----------------------------+-----
Stealth        | 2 |  2.0
Dodging        | 2 3 4 5 |  5.5
Fire Magic     | 1 2 3 5 |  5.4
Conjurations   | 2 3 4 5 |  5.7
Spellcasting   | 3 4 5 |  5.5
Air Magic      | 4 5 6 |  6.4
Fighting       | 1 2 |  2.6

Action                     |  1- 3 |  4- 6 |  7- 9 || total
---------------------------+-------+-------+-------++-------
  Melee: Unarmed           |     7 |       |       ||     7
         Tailslap          |     3 |     2 |     2 ||     7
         Staff             |    13 |    20 |    12 ||    45
   Cast: Shock             |    65 |    89 |   237 ||   391
         Static Discharge  |       |     6 |     5 ||    11
         Airstrike         |       |     1 |    19 ||    20
Ability: Breathe Noxious F |       |       |     1 ||     1
    Use: Scroll            |     1 |       |     1 ||     2
         Potion            |       |     2 |     4 ||     6
   Stab: Sleeping          |     1 |       |       ||     1
 Armour: Skin              |    12 |    29 |    48 ||    89
  Dodge: Dodged            |    21 |    47 |    81 ||   149

Table legend: (Time is in decaauts)
 A = Elapsed time spent in this place.
 B = Non-inter-level travel time spent in this place.
 C = Inter-level travel time spent in this place.
 D = Time resting spent in this place.
 E = Time spent auto-exploring this place.
 F = Levels seen in this place.
 G = Mean time per level.
                   A        B        C        D        E       F      G
               +--------+--------+--------+--------+--------+-----+--------+
         Total |   7986 |   7504 |    482 |    430 |   5909 |   9 |  887.3 |
       Dungeon |   7470 |   7109 |    361 |    379 |   5626 |   7 | 1067.1 |
        Temple |    193 |     73 |    120 |      0 |     61 |   1 |  193.0 |
         Sewer |    322 |    322 |      0 |     51 |    221 |   1 |  322.0 |
               +--------+--------+--------+--------+--------+-----+--------+

Top non-repeatable levels by time:
     D:5: 1637 daAuts
     D:4: 1491 daAuts
     D:3: 1350 daAuts
     D:1: 1255 daAuts
     D:6: 893 daAuts
     D:2: 720 daAuts
   Sewer: 322 daAuts
  Temple: 193 daAuts
     D:7: 121 daAuts
